 Dungeon Crawl Stone Soup version 0.30-a0-723-gc1506a1cf0 (webtiles) character file.

Game seed: 3535687695828405032

3763 Zonian the Slicer (level 10, 0/48 (51) HPs)
             Began as a Vine Stalker Brigand on Jan 28, 2023.
             Was a High Priest of Uskayaw.
             Slain by Pikel
             ... wielding a +1 whip of electrocution
              (15 damage)
             ... on level 9 of the Dungeon.
             The game lasted 00:23:40 (10591 turns).

Zonian the Slicer (Vine Stalker Brigand)           Turns: 10591, Time: 00:23:40

HP:   0/48 (51)     AC:  7    Str: 14    XL:     10   Next: 15%
MP:   0/18          EV: 11    Int: 11    God:    Uskayaw [*****.]
Gold: 455           SH:  5    Dex: 20    Spells: 19/19 levels left

rFire   x . .      SeeInvis +    z - +3 dagger (speed)
rCold   + + .      Faith    .    S - +0 buckler
rNeg    . . .      Spirit   +    k - +1 robe of Saugoess {rC+}
rPois   .          Reflect  .    g - +0 helmet
rElec   .          Harm     .    y - +2 cloak
rCorr   .          Rampage  .    (no gloves)
Will    +....                    (no boots)
Stlth   ++++                     (no amulet)
HPRegen 1.08/turn                o - ring of see invisible
MPRegen 0.16/turn                x - ring of ice

@: drained
A: fangs 3, regeneration 1, magic shield, antimagic bite, no potion heal 2
a: Renounce Religion, Stomp, Line Pass, Grand Finale


You were on level 9 of the Dungeon.
You worshipped Uskayaw.
Uskayaw was noncommittal.
You visited 2 branches of the dungeon, and saw 10 of its levels.

You collected 539 gold pieces.
You spent 84 gold pieces at shops.

Inventory:

Hand Weapons
 a - a +2 dagger
 h - a +2 falchion of draining
 i - a +2 vampiric dagger
 n - the +1 mace of Ointment {pain, rF+ rC+ Will-}
   (You found it on level 2 of the Dungeon)

   rF:        It protects you from fire.
   rC:        It protects you from cold.
   Will:      It decreases your willpower.
 q - a +1 dagger of venom
 v - a +1 short sword of draining
 z - a +3 dagger of speed (weapon)
 C - a +0 dagger of electrocution
 F - a +5 flail
 J - the +6 trident of Sin {antimagic, Dex+5}
   (You found it on level 5 of the Dungeon)

   Dex:       It affects your dexterity (+5).
 R - a +2 heavy shortbow
 T - the +6 trident of Context {flame, Dex+2}
   (You found it on level 9 of the Dungeon)

   Dex:       It affects your dexterity (+2).
 U - a +5 dagger
Missiles
 d - 48 poisoned darts (quivered)
 e - 4 curare-tipped darts
 j - 3 throwing nets
 l - 3 boomerangs
 N - 2 atropa-tipped darts
Armour
 b - a +0 robe
 c - a +1 cloak
 f - a +0 scale mail of poison resistance
 g - a +0 helmet (worn)
 k - the +1 robe of Saugoess (worn) {rC+}
   (You took it off a hobgoblin on level 3 of the Dungeon)

   rC:        It protects you from cold.
 y - a +2 cloak (worn)
 M - a +2 hat
 S - a +0 buckler (worn)
Jewellery
 o - a ring of see invisible (left hand)
 x - a ring of ice (right hand)
 D - a ring of protection from fire
 I - a ring of fire
Wands
 w - a wand of iceblast (1)
 B - a wand of paralysis (4)
Scrolls
 m - a scroll of teleportation
 r - 3 scrolls of blinking
 E - a scroll of poison
 L - a scroll of magic mapping
 O - a scroll of amnesia
 P - a scroll of fear
Potions
 p - 2 potions of berserk rage
 s - 5 potions of flight
 t - 4 potions of heal wounds
 u - a potion of mutation
 A - 2 potions of degeneration
 G - a potion of attraction
 H - a potion of might
 K - 4 potions of curing


   Skills:
 - Level 5.0 Fighting
 - Level 10.0 Short Blades
 - Level 3.5 Throwing
 - Level 0.8 Dodging
 - Level 6.7 Stealth
 + Level 1.8 Shields
 - Level 5.0 Spellcasting
 + Level 2.5 Invocations


You had 19 spell levels left.
You didn't know any spells.
Your spell library contained the following spells:

 Spells                   Type           Power      Damage    Failure   Level
 Slow                     Hex            8%         N/A       28%         1
 Lesser Beckoning         Tloc           4%         N/A       38%         2
 Call Canine Familiar     Summ           2%         N/A       63%         3
 Confusing Touch          Hex            2%         N/A       63%         3
 Gell's Gravitas          Tloc           2%         N/A       63%         3
 Portal Projectile        Hex/Tloc       4%         N/A       63%         3
 Teleport Other           Tloc           2%         N/A       63%         3
 Vampiric Draining        Necr           2%         2d6       63%         3
 Leda's Liquefaction      Hex/Erth       1%         N/A       95%         4


Dungeon Overview and Level Annotations

Branches:
Dungeon (9/15)             Temple (1/1) D:5
   Lair: D:8-11         Orc: D:9-12

Altars:
Ashenzari
Cheibriados
Dithmenos
Fedhas
Hepliaklqana
Kikubaaqudgha
Makhleb
Ru
Sif Muna
Uskayaw
Vehumet
Wu Jian
Xom
Yredelemnul
The Shining One

Shops:
D:4 *   D:6 (?

Annotations:
D:9 Pikel


Innate Abilities, Weirdness & Mutations

You have razor-sharp teeth.
Your natural rate of healing is unusually fast.
When hurt, damage is shared between your health and your magic reserves.
Your bite disrupts and absorbs the magic of your enemies.
Potions cannot restore your health.


Message History

Aim: Pikel, wielding a +1 whip of electrocution and wearing a +0 robe (lightly wounded, extremely poisoned, 59% to hit)
You throw a curare-tipped dart. The curare-tipped dart hits Pikel.
Pikel looks as sick as possible!
Pikel convulses.
Pikel seems to slow down.
Pikel is moderately wounded.
Unknown command.
Pikel drinks a potion.
Pikel seems to grow stronger.
Uskayaw links your audience in an emotional bond!
You barely miss Pikel. Your bite misses Pikel.
Pikel is moderately wounded.
You hit Pikel. You bite Pikel, but do no damage.
Pikel is heavily wounded.
You hit Pikel but do no damage. You bite Pikel. You drain his power.
Pikel is heavily wounded.
Pikel hits you with a +1 whip of electrocution!
You hit Pikel. Your bite misses Pikel.
Pikel is heavily wounded.
You hit Pikel but do no damage. Your bite misses Pikel.
Pikel is heavily wounded.
You hit Pikel but do no damage.
Pikel is heavily wounded.
You hit Pikel. Your bite misses Pikel.
Pikel is severely wounded.
Pikel is no longer sharing his pain.
Pikel hits you with a +1 whip of electrocution!
You are electrocuted!
You can now merge with and destroy a victim.
You are too injured to fight recklessly!
You closely miss Pikel.
Pikel is severely wounded.
You hit Pikel but do no damage. Your bite misses Pikel.
Pikel is severely wounded.
You hit Pikel but do no damage.
Pikel is severely wounded.
The lemure is no longer sharing its pain.
You puncture Pikel! Your bite misses Pikel.
Pikel is almost dead.
Pikel hits you with a +1 whip of electrocution!
You are electrocuted!!
You die...

#...#....... # #...#.......
#....#####...#(...... .
##........#...#$...... .
#.............(......# #.
#.....###.5..(....#... ####.
#.....# #...(##.......
.....##.#.#.###..K..........
....>........##.@.......#.<.
.............##.........# ..
######.##.#........##...# .
#......##.#..#..........#
..####..#.#..#.#....##..#
........#.................
..####..............###.#.
..# #...##.....###..# ..#
#...##.....# ..#


You could see Pikel (strong, very poisoned, slow) and a lemure.

Vanquished Creatures
  A hornet (D:9)
  Eustachio (D:4)
  3 ice beasts
  3 water moccasins
  An orc warrior (D:8)
  A sky beast (D:7)
  A centaur (D:8)
  4 kobold brigands
  3 lemures (D:9)
  A bullfrog (D:7)
  A necrophage (D:7)
  3 scorpions
  19 wights
  2 howler monkeys
  4 jellies
  A gnoll bouda (D:6)
  4 hounds
  3 orc priests
  An iguana (D:5)
  Jessica (D:3)
  Natasha (thrice) (D:3)
  5 orc wizards
  Robin (D:3)
  11 gnolls
  6 adders
  2 white imps
  2 ufetubi
  4 dart slugs
  20 orcs
  6 ball pythons
  6 bats
  9 endoplasms
  3 giant cockroaches
  13 goblins
  10 hobgoblins
  5 jackals
  5 quokkas
  2 frilled lizards (D:2)
  32 kobolds
  5 rats
208 creatures vanquished.

Notes
Turn   | Place    | Note
-------+----------+-------------------------------------------
     0 | D:1      | Zonian the Vine Stalker Brigand began the quest for the
                  | Orb.
     0 | D:1      | Reached XP level 1. HP: 11/11 MP: 2/2
   337 | D:1      | Reached skill level 5 in Stealth
   347 | D:1      | Reached skill level 2 in Short Blades
   347 | D:1      | Reached XP level 2. HP: 13/15 MP: 3/3
   983 | D:1      | Reached XP level 3. HP: 18/18 MP: 4/4
  1023 | D:2      | Identified the +1 mace of Ointment {pain, rF+ rC+ Will-}
  1135 | D:2      | Found a shadowy altar of Dithmenos.
  1710 | D:3      | Gained mutation: Your natural rate of healing is unusually
                  | fast. [Vine Stalker growth]
  1710 | D:3      | Reached XP level 4. HP: 23/23 MP: 5/5
  2028 | D:3      | Noticed Natasha
  2041 | D:3      | Killed Natasha
  2076 | D:3      | Noticed Robin
  2093 | D:3      | Noticed Jessica
  2118 | D:3      | Killed Jessica
  2119 | D:3      | Reached skill level 3 in Short Blades
  2119 | D:3      | Reached XP level 5. HP: 23/26 MP: 3/6
  2120 | D:3      | Killed Robin
  2333 | D:3      | Identified the +1 robe of Saugoess {rC+}
  2405 | D:3      | Noticed Natasha
  2414 | D:3      | Killed Natasha
  2479 | D:3      | Reached XP level 6. HP: 30/30 MP: 7/7
  2584 | D:3      | Noticed Natasha
  2592 | D:3      | Killed Natasha
  3009 | D:4      | Found Siteoh's Gadget Gallery.
  3019 | D:4      | Noticed Eustachio
  3028 | D:4      | Killed Eustachio
  3029 | D:4      | Reached skill level 4 in Short Blades
  3029 | D:4      | Reached XP level 7. HP: 34/34 MP: 8/8
  3113 | D:4      | Reached skill level 5 in Short Blades
  4153 | D:5      | Entered Level 5 of the Dungeon
  4156 | D:5      | Reached skill level 6 in Short Blades
  4360 | D:5      | You fall into a shaft and drop 3 floors!
  4549 | D:8      | Gained mutation: You have razor-sharp teeth. [Vine Stalker
                  | growth]
  4549 | D:8      | Reached XP level 8. HP: 31/39 MP: 9/9
  4600 | D:8      | Reached skill level 7 in Short Blades
  5091 | D:7      | Reached skill level 8 in Short Blades
  5727 | D:5      | Identified the +6 trident of Sin {antimagic, Dex+5}
  5864 | D:5      | Reached skill level 9 in Short Blades
  5881 | D:5      | Found a staircase to the Ecumenical Temple.
  5907 | Temple   | Entered the Ecumenical Temple
  6074 | Temple   | Became a worshipper of Uskayaw the Reveller
  6210 | D:5      | Reached * piety under Uskayaw
  6211 | D:5      | Reached ** piety under Uskayaw
  6419 | D:6      | Reached XP level 9. HP: 41/42 MP: 10/10
  6708 | D:6      | Reached *** piety under Uskayaw
  6760 | D:6      | Found a broken altar of Ashenzari.
  6786 | D:6      | Reached **** piety under Uskayaw
  6798 | D:6      | Reached ***** piety under Uskayaw
  6819 | D:6      | Reached skill level 10 in Short Blades
  6839 | D:6      | Reached skill level 1 in Spellcasting
  7663 | D:6      | Found Zygewke's Magic Scroll Shoppe.
  7700 | D:6      | Found Faqej's Weapon Emporium.
  7718 | D:6      | Bought 2 throwing nets for 84 gold pieces
  9909 | D:8      | Reached XP level 10. HP: 42/44 MP: 15/18
  9915 | D:8      | Reached skill level 5 in Fighting
  9915 | D:8      | Reached skill level 5 in Spellcasting
  9916 | D:8      | Reached skill level 1 in Invocations
 10297 | D:9      | Identified the +6 trident of Context {flame, Dex+2}
 10416 | D:9      | Reached skill level 1 in Shields
 10571 | D:9      | Noticed Pikel
 10591 | D:9      | Slain by Pikel

Illustrated notes

Levels and vault maps discovered:
D:1:      nzn_arrival_water_spiral, layout_loops_ring
D:2:      layout_loops_ring, basic_altar
D:3:      layout_loops_cross, uniq_robin, uniq_natasha, uniq_jessica
D:4:      layout_loops_corners, nicolae_shop_gadgets, uniq_eustachio
D:5:      layout_loops_ring, minmay_temple_entry_nine_rooms, grunt_ministairs_3
D:6:      layout_basic, mainiacjoe_overflow_cross_hatched, serial_shops,
          nicolae_diamond_shop, shop, hangedman_decor_clover_reticule,
          minmay_misc_feat_doors
D:7:      layout_rooms
D:8:      layout_basic
D:9:      layout_basic, uniq_gastronok, uniq_pikel
Temple:   roderic_octagonal_lattice_temple

Skill      XL: |  1  2  3  4  5  6  7  8  9 10 |
---------------+-------------------------------+-----
Stealth        | 5 6 |  6.7
Short Blades   | 2 3 4 6 9 10 | 10.0
Throwing       | 2 3 |  3.5
Fighting       | 4 5 |  5.0
Spellcasting   | 4 5 |  5.0
Invocations    | 2 |  2.5
Shields        | 1 |  1.8
Dodging        | |  0.8

Action                     |  1- 3 |  4- 6 |  7- 9 | 10-12 || total
---------------------------+-------+-------+-------+-------++-------
  Melee: Dagger            |    91 |    99 |   463 |    60 ||   713
         Bite              |    28 |    16 |   179 |    26 ||   249
         Punch             |       |       |     5 |       ||     5
  Throw: Dart              |       |     7 |    10 |     6 ||    23
         Throwing net      |       |       |     2 |     2 ||     4
  Evoke: Wand              |       |       |     9 |     2 ||    11
    Use: Scroll            |       |     9 |    13 |     2 ||    24
         Potion            |       |     1 |     1 |       ||     2
   Stab: Sleeping          |    13 |    14 |    12 |       ||    39
         Distracted        |     1 |     1 |     3 |       ||     5
         Held in net/web   |       |       |     1 |       ||     1
         Paralysed         |       |       |    11 |     4 ||    15
 Armour: Robe              |    32 |    12 |    69 |     2 ||   115
         Skin              |       |    29 |       |       ||    29
  Dodge: Dodged            |    49 |    37 |   128 |     6 ||   220
  Block: Buckler           |       |       |       |     4 ||     4

Table legend: (Time is in decaauts)
 A = Elapsed time spent in this place.
 B = Non-inter-level travel time spent in this place.
 C = Inter-level travel time spent in this place.
 D = Time resting spent in this place.
 E = Time spent auto-exploring this place.
 F = Levels seen in this place.
 G = Mean time per level.
                   A        B        C        D        E       F      G
               +--------+--------+--------+--------+--------+-----+--------+
         Total |  10272 |   9974 |    298 |   3435 |   4347 |  10 | 1027.2 |
       Dungeon |  10090 |   9806 |    284 |   3435 |   4199 |   9 | 1121.1 |
        Temple |    181 |    167 |     14 |      0 |    148 |   1 |  181.0 |
               +--------+--------+--------+--------+--------+-----+--------+

Top non-repeatable levels by time:
     D:8: 2291 daAuts
     D:6: 1566 daAuts
     D:4: 1292 daAuts
     D:3: 1166 daAuts
     D:7: 1048 daAuts
     D:1: 1013 daAuts
     D:5: 727 daAuts
     D:2: 641 daAuts
     D:9: 343 daAuts
  Temple: 181 daAuts
